 Dungeon Crawl Stone Soup version 0.22-a0-348-gd16d139 (webtiles) character file.

6464 b5mith the Fighter (level 10, -1/101 HPs)
             Began as a Minotaur Berserker on Apr 8, 2018.
             Was a High Priest of Trog.
             Slain by an unseen horror (6 damage)
             ... on level 9 of the Dungeon.
             The game lasted 00:24:01 (9446 turns).

b5mith the Fighter (Minotaur Berserker)             Turns: 9446, Time: 00:24:01

Health: -1/101     AC:  8    Str: 28    XL:     10   Next: 68%
Magic:  8/8        EV: 11    Int:  4    God:    Trog [*****.]
Gold:   467        SH:  0    Dex: 11    Spells: 9/9 levels left

rFire    . . .     SeeInvis .   G - +5 long sword
rCold    . . .     Gourm    .   (no shield)
rNeg     . . .     Faith    .   e - +0 ring mail {rPois}
rPois    +         Spirit   .   H - +0 hat
rElec    .         Reflect  .   N - +0 cloak
rCorr    .         Harm     .   (no gloves)
MR       .....                  s - +0 pair of boots
Stlth    +.........             (no amulet)
HPRegen  0.26/turn              (no ring)
MPRegen  0.11/turn              (no ring)

@: very slightly contaminated
A: retaliatory headbutt, horns 2, thin skeletal structure 1, low mp 1, shaggy
fur 1, strong 1
a: Berserk, Trog's Hand, Brothers in Arms, Renounce Religion


You were on level 9 of the Dungeon.
You worshipped Trog.
Trog was extremely pleased with you.
You were not hungry.

You visited 1 branch of the dungeon, and saw 10 of its levels.

You collected 467 gold pieces.

Inventory:

Hand Weapons
 a - a +0 spear
 o - a +3 long sword
   (You took it off a wight on level 3 of the Dungeon)
 G - a +5 long sword (weapon)
   (You took it off a wight on level 9 of the Dungeon)
Missiles
 j - 7 javelins of returning (quivered)
 t - 2 throwing nets
 v - 27 tomahawks
 C - 7 tomahawks of returning
 J - 4 poisoned javelins
 O - 3 steel javelins
Armour
 b - a +0 animal skin
 e - a +0 ring mail of poison resistance (worn)
   (You found it on level 4 of the Dungeon)
 g - a +0 chain mail
   (You found it on level 1 of the Dungeon)
 s - a +0 pair of boots (worn)
   (You found it on level 3 of the Dungeon)
 H - a +0 hat (worn)
   (You found it on level 7 of the Dungeon)
 N - a +0 cloak (worn)
   (You found it on level 8 of the Dungeon)
Wands
 L - a wand of flame (17)
   (You found it on level 8 of the Dungeon)
 P - a wand of random effects (25)
   (You found it on level 8 of the Dungeon)
Scrolls
 d - 5 scrolls of teleportation
 h - 5 scrolls of identify {@r1}
 i - 7 scrolls of remove curse {@r2}
 k - 2 scrolls of fear {unknown}
 n - 3 scrolls of fog
 r - a scroll of amnesia {unknown}
 w - a scroll of random uselessness {unknown}
 x - 3 scrolls of enchant weapon
 y - a scroll of magic mapping {unknown}
 z - a scroll of immolation {unknown}
 B - a scroll of noise {unknown}
 D - a scroll of summoning {unknown}
 E - 2 scrolls of blinking
Potions
 f - a potion of flight
 l - 3 potions of curing {@q1}
 m - a potion of magic {unknown}
 q - a potion of might
 u - 3 potions of degeneration {!q}
 A - a potion of brilliance {unknown}
 K - a potion of cancellation {unknown}
 M - a potion of invisibility {unknown}
Comestibles
 c - 13 rations
 F - 2 chunks of flesh


   Skills:
 + Level 13.2 Fighting
 + Level 13.0 Long Blades
 - Level 5.8 Polearms
 - Level 2.4 Armour
 - Level 2.1 Dodging


You had 9 spell levels left.
You didn't know any spells.

Dungeon Overview and Level Annotations

Branches:
Dungeon (10/15)            Temple (0/1) D:5            Lair (0/6) D:9
    Orc: D:9-12

Altars:
Cheibriados
Dithmenos
Fedhas
Gozag
Hepliaklqana
Kikubaaqudgha
Okawaru
Qazlal
Ru
Sif Muna
Trog
Uskayaw
Zin
The Shining One

Shops:
D:4 [   D:7 !

Annotations:
D:8 Maurice


Innate Abilities, Weirdness & Mutations

You reflexively headbutt those who attack you in melee.
You have a pair of horns on your head.
You have a somewhat thin skeletal structure. (Dex +2, Stealth)
Your magical capacity is low. (-10% MP)
You are covered in fur. (AC +1)
Your muscles are strong. (Str +2)


Message History

Something hits you.
Something hits you but does no damage. x2
You hit something but do no damage. Your headbutt misses something.
Something hits you. Something hits you. Something hits you.
Something hits you but does no damage.
The centaur shoots an arrow.
The arrow hits you. Something hits you.
There is a stone staircase leading up here.
You see here an arrow.
Something hits you.
The centaur shoots an arrow.
You hear a shout!
You climb upwards.
There is a stone staircase leading down here.
You start resting.
Something hits you.
You start resting.
Something hits you but does no damage. Something hits you.
Something hits you but does no damage. Something hits you!
* * * LOW HITPOINT WARNING * * *
Something hits you!
* * * LOW HITPOINT WARNING * * *
You feel much better. Something hits you.
Blink to where?
Press: ? - help, Dir - move target cursor You are very lightly contaminated with residual magic.
As you read the scroll of blinking, it crumbles to dust.
Something hits you but does no damage. Something hits you but does no damage.
Something hits you. Something hits you but does no damage. Something hits you.
* * * LOW HITPOINT WARNING * * *
Something hits you.
* * * LOW HITPOINT WARNING * * *
Something hits you!
* * * LOW HITPOINT WARNING * * *
Something hits you but does no damage. Something hits you!
* * * LOW HITPOINT WARNING * * *
Something hits you.
* * * LOW HITPOINT WARNING * * *
Something hits you.
* * * LOW HITPOINT WARNING * * *
You barely miss something. Your headbutt misses something.
Something hits you but does no damage. Something hits you!
* * * LOW HITPOINT WARNING * * *
You hit something. Something hits you but does no damage. Something hits you.
* * * LOW HITPOINT WARNING * * *
Something hits you.
You die...

.........#.......#............#).
....######.......##'.....>.......
....#.............)....(.........
#####......###'######............
.......###'#.........#.......#...
.......#.............#.......#...
.......#.............##.....##...
.......#.............###...###...
.......#........@................
.......#'#'###############.......
.................................
.....................>...........
.................................
.................................
...........................#####.
######...........ยง.........#...#.
#..######################.':


There were no monsters in sight!

Vanquished Creatures
  A two-headed ogre (D:9)
  Prince Ribbit (D:8)
  A meliai zombie (D:9)
  A hippogriff (D:9)
  A spriggan (D:9)
  2 wargs (D:9)
  Duvessa (D:7)
  An ice beast (D:8)
  A black bear (D:8)
  A sky beast (D:9)
  2 orc warriors
  2 phantoms
  A necrophage (D:7)
  11 ogres
  3 bullfrogs
  Dowan (D:7)
  3 scorpions
  10 wights
  5 killer bees (D:9)
  A crimson imp (D:6)
  2 jellies
  A bullfrog zombie (D:9)
  2 bullfrog skeletons (D:5)
  4 hounds
  12 orc priests
  19 orc wizards
  3 centaur skeletons
  6 iguanas
  12 worker ants
  Terence (D:2)
  A killer bee zombie (D:5)
  2 hound skeletons
  2 worker ant zombies (D:9)
  Robin (D:4)
  A howler monkey zombie (D:9)
  10 adders
  10 gnolls
  A howler monkey skeleton (D:4)
  3 shadow imps
  An ooze (D:7)
  An adder skeleton (D:8)
  A dart slug (D:5)
  2 leopard geckos
  41 orcs
  7 giant cockroaches
  20 goblins
  9 hobgoblins
  7 jackals
  8 kobolds
  A quokka (D:9)
  A ball python skeleton (D:6)
  10 bats
  6 frilled lizards
  11 rats
269 creatures vanquished.

Notes
Turn   | Place    | Note
-------+----------+-------------------------------------------
     0 | D:1      | b5mith the Minotaur Berserker began the quest for the Orb.
     0 | D:1      | Reached XP level 1. HP: 19/19 MP: 0/0
   125 | D:1      | Reached XP level 2. HP: 26/27 MP: 1/1
   473 | D:1      | Reached ** piety under Trog
   785 | D:2      | Found a glowing golden altar of the Shining One.
   842 | D:2      | Reached XP level 3. HP: 34/34 MP: 2/2
  1033 | D:2      | Reached XP level 4. HP: 41/41 MP: 3/3
  1170 | D:2      | Reached skill level 5 in Polearms
  1186 | D:2      | Noticed Terence
  1200 | D:2      | Killed Terence
  1200 | D:2      | Reached skill level 5 in Fighting
  1704 | D:3      | Reached XP level 5. HP: 32/48 MP: 4/4
  1902 | D:3      | Reached skill level 1 in Long Blades
  2153 | D:3      | Reached XP level 6. HP: 57/57 MP: 5/5
  2311 | D:3      | Reached *** piety under Trog
  2741 | D:4      | Reached XP level 7. HP: 45/64 MP: 6/6
  2972 | D:4      | Noticed Robin
  2988 | D:4      | Killed Robin
  3007 | D:4      | Gained mutation: Your magical capacity is low. (-10% MP) [potion of mutation]
  3007 | D:4      | Gained mutation: You are covered in fur. (AC +1) [potion of mutation]
  3007 | D:4      | Gained mutation: Your muscles are strong. (Str +2) [potion of mutation]
  3007 | D:4      | Gained mutation: You have a somewhat thin skeletal structure. (Dex +2, Stealth) [potion of mutation]
  3011 | D:5      | Entered Level 5 of the Dungeon
  3012 | D:5      | Reached skill level 5 in Long Blades
  3310 | D:4      | Found a hazy altar of Hepliaklqana.
  3446 | D:4      | Found a sacrificial altar of Ru.
  3483 | D:4      | Found an iron altar of Okawaru.
  3592 | D:4      | Found Urirraju's Armour Boutique.
  3688 | D:5      | Found a bloodstained altar of Trog.
  3825 | D:5      | Found a staircase to the Ecumenical Temple.
  3893 | D:5      | Reached **** piety under Trog
  3961 | D:5      | Found a glowing silver altar of Zin.
  3962 | D:5      | Found an opulent altar of Gozag.
  4078 | D:5      | Found a snail-covered altar of Cheibriados.
  4116 | D:5      | Reached XP level 8. HP: 74/74 MP: 6/6
  4442 | D:6      | Found an opulent altar of Gozag.
  4698 | D:6      | Found a hide-covered altar of Uskayaw.
  5431 | D:7      | Reached XP level 9. HP: 30/85 MP: 7/7
  5801 | D:7      | Reached skill level 10 in Fighting
  5828 | D:7      | Reached ***** piety under Trog
  6074 | D:7      | Reached skill level 10 in Long Blades
  6201 | D:7      | Found Nyicwid's Distillery.
  6246 | D:7      | Received a gift from Trog
  6773 | D:7      | Noticed Dowan
  6775 | D:7      | Noticed Duvessa
  6786 | D:7      | Killed Duvessa
  6795 | D:7      | Killed Dowan
  7070 | D:8      | Noticed Prince Ribbit
  7092 | D:8      | Killed Prince Ribbit
  7434 | D:8      | Received a gift from Trog
  7649 | D:8      | Reached XP level 10. HP: 96/96 MP: 8/8
  8271 | D:9      | Noticed Maurice
  8483 | D:9      | Found a staircase to the Lair.
  8646 | D:9      | Noticed a two-headed ogre
  8654 | D:9      | Killed a two-headed ogre
  9322 | D:9      | Found an ancient bone altar of Kikubaaqudgha.
  9322 | D:9      | Found a deep blue altar of Sif Muna.
  9329 | D:9      | Found a stormy altar of Qazlal.
  9331 | D:9      | Found a shadowy altar of Dithmenos.
  9332 | D:9      | Found a blossoming altar of Fedhas.
  9372 | D:10     | Entered Level 10 of the Dungeon
  9445 | D:9      | HP: 5/101 [something (6)]
  9446 | D:9      | Slain by an unseen horror

Vault maps used:
D:1:      lemuel_arrival_hallway, serial_bayou_lagoon_a,
          kennysheep_decorative_pillar, st_stairs_6
D:2:      tso_oasis_becter, minmay_pentomino_p4, uniq_terence
D:3:      first_ration
D:4:      nicolae_overflow_hidden_temple, lemuel_crystal_altar,
          lemuel_crystal_altar, serial_shops, shop, uniq_robin
D:5:      grunt_temple_overflow_gold_and_silver, kennysheep_slug_shrine,
          minmay_temple_entry_glass, hex_medium, trog_book
D:6:      kennysheep_mini, nicolae_gozag_cash_rules_everything_around_me
D:7:      serial_shops, shop, kb_rosetta, uniq_duvessa
D:8:      uniq_prince_ribbit1
D:9:      chequers_temple_overflow_minitemple, erik_lair_orcish_takeover,
          grunt_pizzeria, uniq_maurice

Skill      XL: |  1  2  3  4  5  6  7  8  9 10 |
---------------+-------------------------------+-----
Fighting       | 4 5 6 7 9 11 13 | 13.2
Polearms       | 4 5 |  5.8
Long Blades    | 2 4 7 9 11 13 | 13.0
Armour         | |  2.4
Dodging        | |  2.1

Action                   |  1- 3 |  4- 6 |  7- 9 | 10-12 || total
-------------------------+-------+-------+-------+-------++-------
Melee: Spear             |   109 |    36 |       |       ||   145
       Headbutt          |     9 |    11 |    75 |    26 ||   121
       Long sword        |       |    55 |   327 |   137 ||   519
       Unarmed           |       |       |       |     2 ||     2
Invok: Berserk           |       |     4 |     2 |     1 ||     7
  Use: Potion            |       |       |     4 |     2 ||     6
       Scroll            |       |       |     3 |     8 ||    11
 Stab: Sleeping          |       |       |     1 |       ||     1
  Eat: Chunk             |       |     8 |    15 |     7 ||    30
       Ration            |       |       |     1 |       ||     1
Armor: Animal skin       |     2 |       |       |       ||     2
       Chain mail        |    29 |    29 |    20 |       ||    78
       Ring mail         |       |       |    90 |    58 ||   148
Dodge: Dodged            |    28 |    41 |   165 |    77 ||   311
       Rpst.: Long sword |       |     7 |    36 |    14 ||    57

Table legend:
 A = Spawn XP
 B = Non-spawn XP
 C = Spawn XP percentage of total XP
 D = Spawn monster count
 E = Non-spawn monster count
 F = Spawn count percentage of total count
 G = Total turns spent on level
                    A         B        C        D         E        F      G
               +---------+---------+-------+---------+---------+-------+---------
         Total |       0 |    9235 |   0.0 |       0 |     269 |   0.0 |  9446
               +---------+---------+-------+---------+---------+-------+---------
           D:1 |       0 |      40 |   0.0 |       0 |      25 |   0.0 |   763
           D:2 |       0 |      98 |   0.0 |       0 |      22 |   0.0 |   879
           D:3 |       0 |     452 |   0.0 |       0 |      24 |   0.0 |  1084
           D:4 |       0 |     558 |   0.0 |       0 |      38 |   0.0 |   700
           D:5 |       0 |     374 |   0.0 |       0 |      13 |   0.0 |   932
           D:6 |       0 |    1141 |   0.0 |       0 |      39 |   0.0 |  1045
           D:7 |       0 |    1843 |   0.0 |       0 |      45 |   0.0 |  1595
           D:8 |       0 |    1078 |   0.0 |       0 |      23 |   0.0 |   808
           D:9 |       0 |    3414 |   0.0 |       0 |      38 |   0.0 |  1587
          D:10 |       0 |     237 |   0.0 |       0 |       2 |   0.0 |    53
               +---------+---------+-------+---------+---------+-------+---------
